AoeStats
← low cortisol gaming

Arena

509344316Analyzed
1v1 RM · 7d ago on Sep 26, 2026· 37m 54s· 2 players
Game mode
Random Map
Map size
Tiny (2 player)
Population
200
Speed
Normal
Resources
Standard
Victory
Conquest
Starting age
Dark Age
Ending age
Imperial Age
RankedLock teamsTeams togetherTeam positionsShared explorationLock speedFull tech treeHidden civsTurbo modeCheats
Victory
Defeat
🇨🇳 Franks · China
772
+15
🇦🇷 Burgundians · Argentina
746
-36
low cortisol gaming
12:52 Feudal Age
15:33 Arson
15:50 Gold Mining
18:04 Horse Collar
21:05 Castle Age
21:26 Scale Mail Armor
21:37 Forging
21:27 Pikeman
22:08 Squires
24:37 Padded Archer Armor
24:28 Fletching
30:03 Chain Mail Armor
30:23 Iron Casting
31:09 Redemption
33:03 Husbandry
34:51 Cavalier
36:56 Wheelbarrow
37:22 Scale Barding Armor
格林帽子变戏法
10:24 Feudal Age
16:32 Castle Age
15:32 Double-Bit Axe
22:39 Wheelbarrow
23:12 Gold Mining
23:13 Stone Mining
24:58 Bow Saw
24:57 Scale Barding Armor
25:03 Forging
27:18 Gold Shaft Mining
29:52 Imperial Age
27:28 Loom
28:16 Husbandry
29:11 Hand Cart
30:13 Chain Barding Armor
30:28 Iron Casting
31:23 Town Watch
31:04 Cavalier
33:19 Plate Barding Armor
33:44 Blast Furnace
32:52 Chivalry
33:14 Paladin
Connection lost

Rejoining the realm…

Still unreachable

The connection could not be restored.

Session expired

The server has moved on; the page needs a fresh start.